 Dungeon Crawl Stone Soup version 0.28.0-62-gf88900778d (webtiles) character file.

Game seed: 12060881533584979589

27 cbfl8 the Skirmisher (level 2, -2/24 HPs)
             Began as a Demonspawn Berserker on Sept 10, 2023.
             Was a Follower of Trog.
             Slain by an adder (3 damage)
             ... on level 2 of the Dungeon.
             The game lasted 00:00:42 (1174 turns).

cbfl8 the Skirmisher (Demonspawn Berserker)         Turns: 1174, Time: 00:00:43

Health: -2/24      AC:  3    Str: 17    XL:     2   Next: 93%
Magic:  2/2        EV: 12    Int:  8    God:    Trog [*.....]
Gold:   63         SH:  0    Dex: 14    Spells: 1/1 levels left

rFire   . . .      SeeInvis .   a - +0 hand axe
rCold   . . .      Faith    .   (no shield)
rNeg    . . .      Spirit   .   b - +0 animal skin
rPois   .          Reflect  .   (no helmet)
rElec   .          Harm     .   (no cloak)
rCorr   .          Rampage  .   (no gloves)
Will    .....                   f - +0 pair of boots
Stlth   ++........              (no amulet)
HPRegen 0.08/turn               (no ring)
MPRegen 0.08/turn               (no ring)

@: brilliant, lethally poisoned (-2 -> -9)
A: thin skeletal structure 1
a: Renounce Religion, Berserk


You were on level 2 of the Dungeon.
You worshipped Trog.
Trog was aware of your devotion.
You visited 1 branch of the dungeon, and saw 2 of its levels.

You collected 63 gold pieces.

Inventory:

Hand Weapons
 a - a +0 hand axe (weapon)
Armour
 b - a +0 animal skin (worn)
 f - a +0 pair of boots (worn)
Scrolls
 c - a scroll of amnesia {unknown}
 e - 2 scrolls of fog {unknown}


   Skills:
 + Level 3.4 Fighting
 + Level 3.1 Axes
 + Level 1.9 Armour
 - Level 1.7 Dodging
 * Level 1.0 Evocations


You had one spell level left.
You didn't know any spells.
Your spell library was empty.

Dungeon Overview and Level Annotations

Branches:
Dungeon (2/15)

Altars:


Innate Abilities, Weirdness & Mutations

You have a somewhat thin skeletal structure. (Dex +2, Stealth+)


Message History

The adder is lightly wounded.
You feel sick. The adder closely misses you.
You are too injured to fight recklessly!
You are too injured to fight recklessly!
It was a potion of curing.
You feel better. The adder bites you.
You are poisoned.
The adder poisons you! The adder bites you.
You barely miss the adder.
The adder is lightly wounded.
You feel sick. The adder closely misses you.
Okay, then.
You hit the adder.
The adder is lightly wounded.
You feel sick. The adder barely misses you. x2
You slash the adder!
The adder is almost dead.
You feel sick. The adder closely misses you.
You hit the adder but do no damage.
The adder is almost dead.
You feel sick. The adder barely misses you. The adder bites you.
You are lethally poisoned!
The adder poisons you!
You hit the adder.
The adder is almost dead.
* * * LOW HITPOINT WARNING * * *
You feel very sick. The adder bites you.
* * * LOW HITPOINT WARNING * * *
You are more poisoned.
The adder poisons you!
It was a potion of brilliance.
You feel clever all of a sudden.
* * * LOW HITPOINT WARNING * * *
You feel sick. The adder closely misses you.
The adder bites you but does no damage.
You closely miss the adder.
The adder is almost dead.
* * * LOW HITPOINT WARNING * * *
You feel sick. The adder bites you.
You die...

......##...# ....
...........#####+##....
.......................
.##.###...?...........
.##.# #.......:.....###+
.##†# #..<..............
###+###.................
.....##.............≈≈..
.....##.........@S...≈≈≈
.....##.............≈≈♣♣
.....##..............≈♣
.....##..............≈♣
.....##..............≈≈≈
...†.########+##+###..≈.
###'#### ≈≈≈≈
.......####### ≈♣♣
......†#.[...#


You could see an adder.

Vanquished Creatures
  3 dart slugs
  A ball python (D:1)
  5 bats
  3 endoplasms (D:1)
  2 goblins
  A kobold (D:2)
  2 quokkas (D:1)
  2 frilled lizards (D:1)
19 creatures vanquished.

Notes
Turn   | Place    | Note
-------+----------+-------------------------------------------
     0 | D:1      | cbfl8 the Demonspawn Berserker began the quest for the Orb.
     0 | D:1      | Reached XP level 1. HP: 18/18 MP: 1/1
    65 | D:1      | Gained mutation: You have a somewhat thin skeletal
                  | structure. (Dex +2, Stealth+) [demonic ancestry]
    65 | D:1      | Reached XP level 2. HP: 12/24 MP: 2/2
  1126 | D:2      | Reached skill level 1 in Evocations
  1174 | D:2      | HP: 1/24 [poisoned by an adder]
  1174 | D:2      | Slain by an adder

Illustrated notes

Levels and vault maps discovered:
D:1:      psy_arrival_basics, layout_basic
D:2:      layout_basic, kennysheep_boxes

Skill      XL: |  1  2 |
---------------+-------+-----
Axes           | 3 |  3.1
Evocations     | 1 |  1.0
Fighting       | |  3.4
Armour         | |  1.9
Dodging        | |  1.7

Action                   || total
-------------------------++-------
Melee: Hand axe          ||    53
  Use: Potion            ||     2
 Stab: Sleeping          ||     5
Armor: Animal skin       ||     8
Dodge: Dodged            ||    31
